Map: Coda LE (Void)

Players

Bop

  • Race: Zerg Zerg

McNasty - Winner!

  • Race: Terran Terran

VOD

Have the link to the VOD?

Description

Time

  • Played on: April 30, 2015, 11:52 p.m.
  • Length: 8:48
Show
View Real Time Build Order
Export as new Build Order

Bop Zerg 

Build Orders: Pool First 

Get SALT Encoding   

  12  0:02  Drone  
  13  0:16  Extractor  
  13  0:17  Drone x2  
  14  0:39  Spawning Pool  
  13  0:45  Drone  
  13  0:48  Overlord  
  14  0:59  Drone, Extractor  
  15  1:15  Drone  
  16  1:26  Metabolic Boost  
  16  1:27  Roach Warren  
  16  1:28  Drone  
  16  1:41  Queen  
  18  1:48  Overlord  
  18  2:07  Roach x3  
  24  2:20  Zergling x2  
  25  2:33  Zergling x2  
  26  2:40  Zergling x2  
  27  2:48  Overlord  
  29  2:51  Ravager x2  
  29  2:56  Zergling x2  
  29  2:58  Overlord  
  29  3:07  Zergling x2  
  29  3:08  Zergling x2  
  29  3:10  Ravager  
  32  3:13  Zergling x2  
  31  3:30  Zergling x8  
  31  3:33  Overlord  
  30  3:48  Zergling x2  
  30  4:00  Roach  
  32  4:14  Roach x2  
  32  4:15  Roach  
  38  4:20  Hatchery  
  36  4:39  Drone x3  
  38  5:00  Drone x4  
  38  5:04  Ravager  
  43  5:08  Baneling Nest  
  41  5:16  Zergling x2  
  41  5:20  Ravager  
  43  5:24  Drone  
  43  5:25  Extractor, Queen  
  45  5:31  Ravager  
  45  5:33  Drone x3  
  44  5:46  Drone  
  38  5:53  Zergling x2  
  38  5:54  Zergling x8  
  41  6:06  Queen  
  41  6:10  Lair  
  43  6:18  Zergling x2  
  43  6:19  Zergling x2  
  43  6:25  Drone x2  
  47  6:38  Drone x5  
  51  6:52  Overlord  
  51  6:54  Drone x4  
  55  7:06  Roach x2  
  59  7:14  Zergling x8  
  59  7:15  Zergling x2  
  64  7:25  Zergling x8  
  68  7:32  Spire  
  66  7:45  Zergling x2  
  66  7:46  Zergling x2  
  66  7:48  Overlord  
  61  7:55  Drone x2  
  61  7:56  Overlord x2  
  61  7:57  Extractor  
  61  7:58  Extractor  
  56  7:59  Overseer  
  56  8:01  Drone x3  
  56  8:02  Drone  
  60  8:12  Drone x4  
  63  8:16  Ravager  
  63  8:17  Ravager  
  65  8:31  Baneling x4  
  65  8:32  Baneling x3  
Show
View Real Time Build Order
Export as new Build Order

McNasty Terran - Winner!

Build Orders:  

Get SALT Encoding   

  12  0:01  SCV  
  13  0:13  SCV  
  14  0:18  Supply Depot  
  14  0:25  SCV  
  15  0:29  Refinery  
  15  0:39  SCV  
  16  0:45  Barracks  
  16  0:52  SCV  
  17  1:04  SCV  
  18  1:06  Barracks  
  18  1:16  SCV  
  19  1:28  SCV  
  19  1:32  Reaper  
  21  1:38  Supply Depot  
  21  1:42  Orbital Command  
  21  1:55  Reaper  
  22  2:07  Reaper  
  23  2:09  SCV  
  24  2:21  SCV  
  25  2:26  Command Center  
  26  2:33  SCV  
  27  2:42  Barracks Tech Lab  
  26  2:45  SCV  
  26  2:48  Barracks Tech Lab  
  26  2:50  Bunker  
  26  2:51  Bunker  
  27  2:57  SCV  
  28  3:06  Marauder  
  28  3:09  SCV, Concussive Shells  
  31  3:33  Supply Depot  
  31  3:34  Supply Depot x2  
  31  3:35  Supply Depot  
  31  3:37  SCV, Marauder x2  
  31  3:41  Orbital Command  
  36  3:54  Factory  
  36  4:02  Marauder x2  
  40  4:07  SCV  
  39  4:11  SCV  
  40  4:19  SCV  
  40  4:23  SCV  
  42  4:34  Marauder x2  
  42  4:35  SCV x2  
  48  4:55  Marauder x2  
  51  5:16  Barracks x2  
  51  5:17  Marauder x2  
  51  5:20  Factory Reactor  
  54  5:22  SCV, Orbital Command  
  55  5:32  Command Center  
  50  5:46  Marauder  
  50  5:47  Marauder  
  54  6:02  Hellion x2  
  58  6:06  SCV x2  
  58  6:11  Refinery  
  60  6:14  Starport  
  60  6:18  SCV x2  
  60  6:20  Marine  
  60  6:21  Refinery  
  60  6:24  Refinery  
  60  6:25  Marine x2  
  63  6:30  SCV x2  
  67  6:39  Hellion x2  
  71  6:42  SCV  
  71  6:45  SCV  
  73  6:47  Orbital Command  
  73  6:48  Barracks Reactor x2, Marauder x2  
  77  6:54  SCV  
  77  6:59  SCV  
  77  7:00  Hellion  
  77  7:01  Hellion, Starport Reactor  
  83  7:05  Engineering Bay  
  83  7:07  SCV  
  84  7:10  Armory  
  84  7:11  SCV, Marauder  
  84  7:12  Engineering Bay, Marauder  
  89  7:19  SCV  
  89  7:21  SCV  
  89  7:22  Hellion x2  
  95  7:23  SCV  
  95  7:24  Supply Depot  
  95  7:25  Supply Depot, Missile Turret  
  95  7:26  Missile Turret  
  95  7:28  Marine x3  
  95  7:29  Marine  
  100  7:31  SCV  
  100  7:32  Marine  
  90  7:48  SCV  
  90  7:49  SCV x2  
  81  8:01  SCV x3  
  84  8:07  Marine x2  
  86  8:13  SCV x3  
  89  8:22  Marauder, Marine x2  
  89  8:23  Marauder  
  89  8:25  SCV  
Tags
 
Add a new tag
Caveats
  • Supply blocks, unpowered buildings, or Contaminate may cause inaccurate times.
  • Supply counts are checked every 10 seconds.